 Dungeon Crawl Stone Soup version 0.30-a0-777-ga9a30cbeda (webtiles) character file.

Game seed: 13018711592834487866

136 PLAYERX the Sneak (level 5, 0/37 HPs)
             Began as a Gnoll Wanderer on Feb 13, 2023.
             Slain by a white imp (2 damage)
             ... summoned by Natasha
             ... on level 2 of the Dungeon.
             The game lasted 00:10:01 (1090 turns).

PLAYERX the Sneak (Gnoll Wanderer)                  Turns: 1090, Time: 00:10:01

Health: 0/37       AC:  4    Str: 13    XL:     5   Next: 19%
Magic:  12/12      EV: 11    Int: 14    God:
Gold:   43         SH:  0    Dex:  9    Spells: 12/14 levels left

rFire   . . .      SeeInvis .    a - +0 spear
rCold   . . .      Faith    .    (no shield)
rNeg    . . .      Spirit   .    f - +0 leather armour
rPois   .          Reflect  .    (no helmet)
rElec   .          Harm     .    d - +0 cloak
rCorr   +          Rampage  .    (no gloves)
Will    .....                    (no boots)
Stlth   +++                      g - amulet of regeneration
HPRegen 1.06/turn                j - ring of resist corrosion
MPRegen 0.13/turn                (no ring)

@: slowed, very slow
A: fangs 1, strong nose, distributed training
a: no special abilities


You were on level 2 of the Dungeon.
You visited 1 branch of the dungeon, and saw 2 of its levels.

You collected 43 gold pieces.

Inventory:

Hand Weapons
 a - a +0 spear (weapon)
Armour
 d - a +0 cloak (worn)
 f - a +0 leather armour (worn)
Jewellery
 g - an amulet of regeneration (around neck)
 j - a ring of resist corrosion (left hand)
Scrolls
 b - a scroll of teleportation
 i - a scroll of identify {unknown}
 k - a scroll of butterflies {unknown}
Potions
 c - a potion of ambrosia {unknown}
 e - 2 potions of curing {unknown}
 h - a potion of attraction {unknown}


   Skills:
 + Level 1.4 Fighting
 + Level 1.4 Short Blades
 + Level 1.4 Long Blades
 + Level 1.4 Axes
 + Level 1.4 Maces & Flails
 + Level 1.4 Polearms
 + Level 1.4 Staves
 + Level 1.4 Ranged Weapons
 + Level 1.4 Throwing
 + Level 1.4 Armour
 + Level 1.4 Dodging
 + Level 7.9 Stealth
 + Level 1.4 Shields
 + Level 1.4 Unarmed Combat
 + Level 5.2 Spellcasting
 + Level 3.9 Conjurations
 + Level 1.1 Hexes
 + Level 1.1 Summonings
 + Level 1.1 Necromancy
 + Level 1.1 Translocations
 + Level 1.1 Transmutations
 + Level 1.1 Fire Magic
 + Level 3.9 Ice Magic
 + Level 1.1 Air Magic
 + Level 1.1 Earth Magic
 + Level 1.1 Poison Magic
 + Level 1.6 Invocations
 + Level 1.4 Evocations


You had 12 spell levels left.
You knew the following spells:

 Your Spells              Type           Power      Damage    Failure   Level
a - Magic Dart            Conj           56%        1d5       4%          1
b - Freeze                Ice            56%        1d7       4%          1

Your spell library contained the following spells:

 Spells                   Type           Power      Damage    Failure   Level
 Kiss of Death            Conj/Necr      40%        2d8       8%          1
 Static Discharge         Conj/Air       20%        2-3/arc   12%         2
 Ozocubu's Armour         Ice            14%        N/A       13%         3
 Apportation              Tloc           12%        N/A       14%         1
 Necrotise                Necr           24%        1d5       14%         1
 Summon Small Mammal      Summ           24%        N/A       14%         1


Dungeon Overview and Level Annotations

Branches:
Dungeon (2/15)

Altars:

Annotations:
D:2 Natasha


Innate Abilities, Weirdness & Mutations

You have very sharp teeth.
Your uncanny sense of smell can sniff out nearby items.
Your experience applies equally to all skills.


Message History

Natasha is moderately wounded.
Natasha barely misses you.
The white imp hits you but does no damage.
You barely miss Natasha.
Natasha is moderately wounded.
Natasha claws you. The white imp completely misses you.
You closely miss Natasha.
Natasha is moderately wounded.
Natasha extends her claws.
Natasha claws you but does no damage.
The white imp hits you but does no damage.
You hit Natasha. You bite Natasha, but do no damage.
Natasha is heavily wounded.
Natasha claws you but does no damage. The white imp hits you.
The white imp freezes you.
You barely miss Natasha. Your bite misses Natasha.
Natasha is heavily wounded.
Natasha growls.
Natasha claws you. The white imp misses you.
You hit Natasha but do no damage.
Natasha is heavily wounded.
Natasha stares at you and mumbles some strange words.
You feel yourself slow down. The white imp hits you. The white imp freezes you.
You are too injured to fight recklessly!
You hit Natasha but do no damage.
Natasha is heavily wounded.
Natasha claws you. The white imp gestures at you. The puff of frost hits you.
* * * LOW HITPOINT WARNING * * *
Natasha claws you.
* * * LOW HITPOINT WARNING * * *
You hit Natasha but do no damage.
Natasha is heavily wounded.
The white imp hits you but does no damage.
Natasha mumbles some strange words.
The white imp hits you.
* * * LOW HITPOINT WARNING * * *
The white imp freezes you.
You die...

.................................
.......................#.........
#..#................####.##.#####
.........##.##......# #. #.# #
#..##...............# ## #.#####
.............#......+ .. #......
..<....#.#...#......# ##.##...###
#......#.#...#..55##..........# #
#....#.#.#...#.#@.##..##.##...###
.....#.#.#...)..h.#..............
.......#.#..##.#..##..######.....
#...........##.#......# #.....
#.#########.##.#......######.....
#.# #####........###..#..........
#.# #..........### #....####.....
#.# #.###.##.#.#####..#.#####.#..
#.###.###.# .#............# #.#..


You could see Natasha, a crimson imp (summoned) and a white imp (summoned).

Vanquished Creatures
  Jessica (D:2)
  Natasha (twice) (D:2)
  Robin (D:2)
  A dart slug (D:1)
  2 ball pythons
  4 bats
  An endoplasm (D:1)
  11 goblins
  4 hobgoblins (D:2)
  3 jackals (D:1)
  4 kobolds (D:1)
  2 quokkas (D:1)
  4 frilled lizards (D:1)
  3 rats
43 creatures vanquished.

Notes
Turn   | Place    | Note
-------+----------+-------------------------------------------
     0 | D:1      | PLAYERX the Gnoll Wanderer began the quest for the Orb.
     0 | D:1      | PLAYERX set off with the following items: a +0 club, a
                  | scroll of teleportation, a +0 robe, a +0 cloak; and the
                  | following spells available to memorise: Freeze, Magic Dart,
                  | Kiss of Death, Ozocubu's Armour, Static Discharge.
     0 | D:1      | Reached XP level 1. HP: 13/13 MP: 6/6
     2 | D:1      | Learned a level 1 spell: Magic Dart
     4 | D:1      | Learned a level 1 spell: Freeze
    40 | D:1      | Found a faded altar of an unknown god.
   220 | D:1      | Reached XP level 2. HP: 19/19 MP: 7/7
   495 | D:1      | Reached skill level 5 in Spellcasting
   495 | D:1      | Reached XP level 3. HP: 25/25 MP: 7/9
   680 | D:2      | Noticed Natasha
   699 | D:2      | Killed Natasha
   700 | D:2      | Reached skill level 1 in Fighting
   700 | D:2      | Reached skill level 1 in Short Blades
   700 | D:2      | Reached skill level 1 in Long Blades
   700 | D:2      | Reached skill level 1 in Axes
   700 | D:2      | Reached skill level 1 in Maces & Flails
   700 | D:2      | Reached skill level 1 in Polearms
   700 | D:2      | Reached skill level 1 in Staves
   700 | D:2      | Reached skill level 1 in Ranged Weapons
   700 | D:2      | Reached skill level 1 in Throwing
   700 | D:2      | Reached skill level 1 in Armour
   700 | D:2      | Reached skill level 1 in Dodging
   700 | D:2      | Reached skill level 1 in Shields
   700 | D:2      | Reached skill level 1 in Unarmed Combat
   700 | D:2      | Reached skill level 1 in Invocations
   700 | D:2      | Reached skill level 1 in Evocations
   785 | D:2      | Noticed Robin
   788 | D:2      | Reached XP level 4. HP: 32/32 MP: 11/11
   822 | D:2      | Killed Robin
   823 | D:2      | Reached skill level 1 in Hexes
   823 | D:2      | Reached skill level 1 in Summonings
   823 | D:2      | Reached skill level 1 in Necromancy
   823 | D:2      | Reached skill level 1 in Translocations
   823 | D:2      | Reached skill level 1 in Transmutations
   823 | D:2      | Reached skill level 1 in Fire Magic
   823 | D:2      | Reached skill level 1 in Air Magic
   823 | D:2      | Reached skill level 1 in Earth Magic
   823 | D:2      | Reached skill level 1 in Poison Magic
   932 | D:2      | Noticed Natasha
   947 | D:2      | Killed Natasha
  1062 | D:2      | Noticed Jessica
  1065 | D:2      | Killed Jessica
  1066 | D:2      | Reached XP level 5. HP: 37/37 MP: 12/12
  1074 | D:2      | Noticed Natasha
  1090 | D:2      | Slain by a white imp

Illustrated notes

Levels and vault maps discovered:
D:1:      dpeg_arrival_arbitrary_c, layout_basic,
          hellmonk_ecumenical_altar_defaced_shrine
D:2:      layout_basic, uniq_jessica, uniq_natasha, uniq_robin

Skill      XL: |  1  2  3  4 |
---------------+-------------+-----
Spellcasting   | 5 |  5.2
Fighting       | 1 |  1.4
Short Blades   | 1 |  1.4
Long Blades    | 1 |  1.4
Axes           | 1 |  1.4
Maces & Flails | 1 |  1.4
Polearms       | 1 |  1.4
Staves         | 1 |  1.4
Ranged Weapons | 1 |  1.4
Throwing       | 1 |  1.4
Armour         | 1 |  1.4
Dodging        | 1 |  1.4
Shields        | 1 |  1.4
Unarmed Combat | 1 |  1.4
Invocations    | 1 |  1.6
Evocations     | 1 |  1.4
Hexes          | 1 |  1.1
Summonings     | 1 |  1.1
Necromancy     | 1 |  1.1
Translocations | 1 |  1.1
Transmutations | 1 |  1.1
Fire Magic     | 1 |  1.1
Air Magic      | 1 |  1.1
Earth Magic    | 1 |  1.1
Poison Magic   | 1 |  1.1
Stealth        | |  7.9
Conjurations   | |  3.9
Ice Magic      | |  3.9

Action                     |  1- 3 |  4- 6 || total
---------------------------+-------+-------++-------
  Melee: Spear             |   113 |    72 ||   185
         Bite              |     6 |     6 ||    12
         Punch             |     1 |     1 ||     2
   Cast: Magic Dart        |     1 |       ||     1
   Stab: Sleeping          |     7 |       ||     7
         Distracted        |       |     1 ||     1
 Armour: Robe              |     2 |       ||     2
         Leather armour    |    43 |    25 ||    68
  Dodge: Dodged            |    69 |    36 ||   105

Table legend: (Time is in decaauts)
 A = Elapsed time spent in this place.
 B = Non-inter-level travel time spent in this place.
 C = Inter-level travel time spent in this place.
 D = Time resting spent in this place.
 E = Time spent auto-exploring this place.
 F = Levels seen in this place.
 G = Mean time per level.
                   A        B        C        D        E       F      G
               +--------+--------+--------+--------+--------+-----+--------+
         Total |   1116 |   1116 |      0 |     76 |    482 |   2 |  558.0 |
       Dungeon |   1116 |   1116 |      0 |     76 |    482 |   2 |  558.0 |
               +--------+--------+--------+--------+--------+-----+--------+

Top non-repeatable levels by time:
     D:1: 683 daAuts
     D:2: 433 daAuts
